[Event "*** Titled Tuesday Blitz"]
[Site "Chess.com"]
[Date "2021.03.02"]
[Round "10"]
[White "Kildepiotr"]
[Black "wannabe2700"]
[Result "0-1"]
[WhiteElo "2577"]
[BlackElo "2713"]
[TimeControl "180+1"]
[EndTime "11:59:10 PST"]
[Termination "wannabe2700 won by resignation"]

1. Nf3 f5 2. d3 Nc6 3. e4 e5 4. Nc3 Nf6 5. exf5 d5 6. d4 e4 7. Ne5 Bxf5 8. Bg5 Bb4 9. Bb5 O-O 10. Bxc6 bxc6 11. Nxc6 Bxc3+ 12. bxc3 Qd6 13. Ne5 Nd7 14. Bf4 Qa3 15. Qd2 Qa6 16. Qe2 Qa3 17. Qd2 Qa6 18.
Rb1 Rab8 19. Rb3 Qxa2 20. Rxb8 Qa1+ 21. Ke2 Qa6+ 22. Ke3 Rxb8 23. Nxd7 Bxd7 24. f3 exf3 25. gxf3 Rf8 26. Be5 Qh6+ 27. f4 Qh3+ 28. Kf2 g5 29.
Qe3 Qh5 30. Qg3 Qg6 31. Rc1 h5 32. Kg1 Bg4 33. h3 Bf5 34. Qxg5 Qxg5+ 35. fxg5 Bxh3 36. Ra1 Ra8 37. Bxc7 Kf7 38. Ra6 Bg4 39. Kf2 h4 40. Rf6+ Kg7 41. Rf4 Rf8 42. Be5+ Kg8 43. Rxf8+ Kxf8 44. Ke3 a5 45. Kf4 Be6 46. g6 a4 47. Bd6+ Kg7 48. Kg5 h3 49. Be5+ Kg8 50. Kf6 a3 51. Kxe6 a2 0-1

[Event "*** Titled Tuesday Blitz"]
[Site "Chess.com"]
[Date "2021.03.02"]
[Round "10"]
[White "bakki78"]
[Black "AlexPapasimakopoulos"]
[Result "1/2-1/2"]
[WhiteElo "2784"]
[BlackElo "2624"]
[TimeControl "180+1"]
[EndTime "11:59:11 PST"]
[Termination "Game drawn - insufficient material"]

1. e4 e6 2. d4 d5 3. Nd2 Nf6 4. Bd3 c5 5. e5 Nfd7 6. c3 Nc6 7. Ne2 cxd4 8. cxd4 f6 9. exf6 Nxf6 10. Nf3 Bd6 11. O-O Qc7 12. Nc3 a6 13. Be3 O-O 14. Rc1 Bd7 15.
Na4 Ng4 16. h3 Nxe3 17. fxe3 h6 18. Nc5 Bxc5 19. Rxc5 Qg3 20. Qe2 Rf6 21. Qf2 Qd6 22. Qh4 Raf8 23. Rcc1 e5 24. dxe5 Nxe5 25. Nxe5 Qxe5 26.
Qd4 Qxd4 27. exd4 Rf4 28. Rc7 Bc6 29. Rxf4 Rxf4 30. Bxa6 bxa6 31. Rxc6 Rxd4 32. Rxa6 Rd1+ 33. Kh2 d4 34. Rd6 Rd2 35. Rb6 d3 36. a4 Rd1 37.
Rd6 d2 38. b3 Kf7 39. b4 Ke7 40.
Rd3 Ke6 41. a5 Ke5 42. a6 Ra1 43. Rxd2 Rxa6 44. b5 Rb6 45. Rb2 Kd6 46. Kg3 Kc7 47. Kh4 Rg6 48. b6+ Kb7 49. g4 Rg5 50. Kg3 Rc5 51.
Kf4 Rc3 52. h4 Rc5 53. Rb3 g5+ 54. hxg5 hxg5+ 55. Ke4 Ra5 56. Rb2 Rc5 57. Rf2 Kxb6 58. Rf6+ Kc7 59. Rf5 Rc4+ 60. Kf3 Kd6 61. Rxg5 Ke6 62.
Rf5 Rc7 63. Kg3 Rf7 64. Ra5 Kf6 65. Ra6+ Kg7 66. Kh4 Kg8 67. Kh5 Rf8 68. g5 Rb8 69. Kh6 Rc8 70. g6 Rb8 71. Rf6 Rc8 72. g7 Rb8 73.
Rf8+ Rxf8 74. gxf8=Q+ Kxf8 1/2-1/2

[Event "*** Titled Tuesday Blitz"]
[Site "Chess.com"]
[Date "2021.03.02"]
[Round "10"]
[White "VFernandezB"]
[Black "DinaBelenkaya"]
[Result "1-0"]
[WhiteElo "2498"]
[BlackElo "2326"]
[TimeControl "180+1"]
[EndTime "11:59:11 PST"]
[Termination "VFernandezB won by checkmate"]

1. d4 d5 2. Nf3 Nf6 3. c4 dxc4 4. e3 Bg4 5. Bxc4 e6 6. O-O Nbd7 7. h3 Bh5 8. Nbd2 c5 9. Qa4 Be7 10. Ne5 O-O 11.
Nxd7 Qxd7 12. Bb5 Qd5 13. Bc4 Qd7 14. Qxd7 Nxd7 15. d5 Nb6 16. dxe6 Nxc4 17. Nxc4 Be2 18. exf7+ Kh8 19. Ne5 Bxf1 20. Kxf1 Bf6 21. Nd7 Rxf7 22.
Nxc5 Rc7 23. Ne4 Rc2 24. Nxf6 gxf6 25. b3 Rd8 26. Ke1 b5 27. e4 a5 28. Be3 Kg7 29.
g4 a4 30. bxa4 bxa4 31. h4 Rb8 32. Rd1 Rxa2 33. Rd7+ Kg8 34. Kf1 a3 35. Ra7 Ra1+ 36. Kg2 Rb4 37. f3 a2 38. Kg3 Rc4 39. Ra8+ Kf7 40. Ra7+ Ke6 41. Kf4 Rc2 42. Bd4 Rd1 43. Ra6+ Kf7 44. Bxf6 Rf1 45. g5 Rcf2 46. Ra3 Rh1 47.
Kg3 Rc2 48. Kg4 Rg2+ 49. Kf5 Rf1 50. Ra7+ Kg8 51. Ke6 h5 52. Ra8+ Kh7 53. Rh8+ Kg6 54.
Rh6# 1-0

[Event "*** Titled Tuesday Blitz"]
[Site "Chess.com"]
[Date "2021.03.02"]
[Round "10"]
[White "Nozdrachev_Leonid"]
[Black "Niktlt"]
[Result "0-1"]
[WhiteElo "2524"]
[BlackElo "2411"]
[TimeControl "180+1"]
[EndTime "11:59:11 PST"]
[Termination "Niktlt won on time"]

1. e4 e6 2. Nf3 d5 3. e5 Bd7 4. d4 c5 5. c3 Nc6 6. a3 f6 7. Bd3 Nh6 8. Bxh6 gxh6 9. b4 cxd4 10. cxd4 Bg7 11. Nc3 O-O 12. b5 Nxd4 13. Nxd4 fxe5 14. Nde2 e4 15. Bxe4 dxe4 16. O-O Rc8 17. Rc1 Qe7 18. a4 Rfd8 19. Nxe4 Be8 20. Rxc8 Rxc8 21. N2g3 Bg6 22. Re1 Rd8 23. Qc1 Qb4 24. h4 h5 25. Kh2 Be5 26.
Qg5 Qd4 27. Kh1 Rf8 28. f3 Bf4 29. Qe7 Rf7 30. Qxe6 Bxg3 31. Nxg3 Qxh4+ 32. Qh3 Qxh3+ 33. gxh3 h4 34. Ne4 Rxf3 35. Kg2 Ra3 36. Nc5 b6 37. Na6 Rxa4 38. Re7 Bd3 39. Nc7 Re4 40. Rd7 Bc4 41. Kf2 Rf4+ 42. Ke3 Rf7 43. Rd8+ Kg7 44. Ne8+ Kg6 45.
Nd6 Re7+ 46. Kf4 Be6 47. Ne4 Bxh3 48. Rd6+ Kg7 49. Nf6 Be6 50. Nh5+ Kg6 0-1

[Event "*** Titled Tuesday Blitz"]
[Site "Chess.com"]
[Date "2021.03.02"]
[Round "10"]
[White "atwalcb"]
[Black "QuintilianoR"]
[Result "1-0"]
[WhiteElo "2573"]
[BlackElo "2685"]
[TimeControl "180+1"]
[EndTime "11:59:12 PST"]
[Termination "atwalcb won by resignation"]

1. d4 Nf6 2. Bg5 d5 3. Bxf6 exf6 4. e3 Bd6 5. g3 O-O 6. Bg2 c6 7. Ne2 Nd7 8. Qd3 g6 9. O-O f5 10. b3 Nf6 11. c4 Be6 12. Nbc3 h5 13. h4 a6 14.
Rac1 Ne4 15. Rc2 Qe7 16. Rfc1 Ba3 17. Rd1 Bd6 18. Rdc1 Rfd8 19. cxd5 cxd5 20. Na4 Ba3 21. Rc7 Rd7 22. Rc8+ Rxc8 23. Rxc8+ Rd8 24. Rxd8+ Qxd8 25. Qc2 b5 26. Nb2 Qa5 27. Nd3 Bf8 28. Nef4 Qc3 29. Qxc3 Nxc3 30. Nc5 a5 31. Ncxe6 fxe6 32. Nxe6 a4 33.
bxa4 bxa4 34. Nf4 Kg7 35. Bxd5 Bd6 36. Bc4 Bxf4 37. gxf4 a3 38. Kf1 Kf6 39. Ke1 Ke7 40. Kd2 Ne4+ 41. Ke2 Kd6 42. f3 Nc3+ 43. Kd3 Na4 44. Bf7 Nb2+ 45. Ke2 Na4 46. Kd3 Nb2+ 47. Kc2 Ke7 48. Bxg6 Kf6 49. Bxh5 Nc4 50. Kd3 Nb2+ 51.
Kc3 Nd1+ 52. Kd2 Nb2 53. Be8 Nc4+ 54. Kd3 Nb2+ 55. Kc3 Nd1+ 56. Kd2 Nb2 57. Bb5 1-0

[Event "*** Titled Tuesday Blitz"]
[Site "Chess.com"]
[Date "2021.03.02"]
[Round "10"]
[White "NateSolon"]
[Black "LionTheLeon_06"]
[Result "1-0"]
[WhiteElo "2611"]
[BlackElo "2694"]
[TimeControl "180+1"]
[EndTime "11:59:15 PST"]
[Termination "NateSolon won by resignation"]

1. d4 Nf6 2. c4 c5 3. d5 e6 4. Nc3 exd5 5. cxd5 d6 6. Nf3 g6 7. Bf4 a6 8. a4 Bg7 9. h3 O-O 10. e3 Ne8 11. Nd2 Nd7 12. Nc4 Ne5 13. Bxe5 Bxe5 14.
Nxe5 dxe5 15. a5 Nd6 16. Be2 Bd7 17. O-O f5 18. Qc2 Rc8 19. Rfd1 Qe7 20. Ra3 f4 21. exf4 Rxf4 22. Bf1 Rcf8 23. Rd2 e4 24. Nd1 Qg5 25. Rg3 Qe5 26. Qxc5 Rxf2 27. Rxg6+ hxg6 28. Rxf2 Rxf2 29. Nxf2 Kf7 30. Nd1 Ke7 31. Ne3 Kf7 32. b4 Qf4 33. Nc4 Nxc4 34. Qxc4 Ke7 35. Qc5+ Qd6 36. Kf2 Qxc5+ 37.
bxc5 Kf6 38. Ke3 Ke5 39. Bc4 g5 40. d6 Bc8 41. Bb3 Bd7 42. Bc4 Bc8 43. Ba2 Bf5 44. Bf7 Bd7 45. Bg6 Bc6 46. d7 Bxd7 47. Bxe4 Bc8 48.
g3 Kf6 49. h4 gxh4 50. gxh4 Ke5 51. h5 Kf6 52. Kf4 Kg7 53. Ke5 Kh6 54. Bf3 Bd7 55. Kd6 Bb5 56. Kc7 1-0

[Event "*** Titled Tuesday Blitz"]
[Site "Chess.com"]
[Date "2021.03.02"]
[Round "10"]
[White "Gloomy_Wanderer"]
[Black "zajka-molotok"]
[Result "0-1"]
[WhiteElo "2665"]
[BlackElo "2496"]
[TimeControl "180+1"]
[EndTime "11:59:17 PST"]
[Termination "zajka-molotok won on time"]

1. d4 d5 2. c4 c6 3. cxd5 cxd5 4. Nc3 Nf6 5. Bg5 e6 6. e3 Nc6 7. Bd3 Be7 8. f4 h6 9. Bh4 O-O 10. Nf3 b6 11. O-O Nb4 12. Be2 Ba6 13. Bxa6 Nxa6 14.
Ne5 Qe8 15. Qe2 Nb4 16. Rac1 Rc8 17. a3 Nc6 18. Qb5 Nxe5 19. fxe5 Nd7 20. Bxe7 Qxe7 21. Qa6 Qg5 22. Rf4 Rc7 23. Rcf1 Nb8 24. Qe2 Qe7 25.
Qh5 Nd7 26. Rg4 Kh8 27. Rg3 f5 28. exf6 Rxf6 29. Rxf6 Nxf6 30. Qg6 a6 31. Rf3 b5 32. h3 b4 33. axb4 Qxb4 34. Rxf6 gxf6 35. Qxh6+ Kg8 36. Qg6+ Rg7 37. Qe8+ Kh7 38. Qh5+ Kg8 39. Qe8+ Kh7 40. Qxe6 Qxb2 41. Qf5+ Kh8 42. Qh5+ Rh7 43. Qe8+ Kg7 44. Nxd5 Qb1+ 45. Kh2 Qf5 46. Nf4 Kh6 47. d5 Rg7 48. d6 a5 0-1

[Event "*** Titled Tuesday Blitz"]
[Site "Chess.com"]
[Date "2021.03.02"]
[Round "10"]
[White "rpragchess"]
[Black "Kobalia"]
[Result "1-0"]
[WhiteElo "2877"]
[BlackElo "2719"]
[TimeControl "180+1"]
[EndTime "11:59:18 PST"]
[Termination "rpragchess won on time"]

1. e4 c6 2. Nf3 d5 3. Nc3 Bg4 4. h3 Bxf3 5. Qxf3 Nf6 6. Be2 e6 7. O-O Bb4 8. Rd1 O-O 9. d3 Nbd7 10. Bf4 Qa5 11. e5 Ne8 12. d4 f6 13. Qg3 fxe5 14. dxe5 Nc5 15. Bd2 Qb6 16. Be3 Qa5 17. Bd4 Nd7 18.
a3 Bxc3 19. Bxc3 Qd8 20. Bb4 Rf7 21. Bg4 Nc7 22. Bd6 Nf8 23. c4 Qd7 24. Rac1 a5 25. Bxc7 Qxc7 26. cxd5 exd5 27. Rxd5 Qb6 28. Rd2 Re8 29. Re1 Ne6 30. Bh5 g6 31. Bg4 Nf4 32.
e6 Rf6 33. e7 Kf7 34. Rd7 Qxb2 35. Bf3 Qc3 36. Re3 Qc5 37. Qh4 h5 38. g3 g5 39.
Bxh5+ Kg7 40. Bxe8 gxh4 41. Bh5 Nxh3+ 42. Kh1 Nxf2+ 43.
Kg2 h3+ 44. Kh2 Ng4+ 45. Bxg4 Rf2+ 46. Kxh3 Rh2+ 47. Kxh2 Qc2+ 48. Re2 1-0

[Event "*** Titled Tuesday Blitz"]
[Site "Chess.com"]
[Date "2021.03.02"]
[Round "10"]
[White "PrinceMurad09"]
[Black "Azeryahu"]
[Result "0-1"]
[WhiteElo "2563"]
[BlackElo "2745"]
[TimeControl "180+1"]
[EndTime "11:59:18 PST"]
[Termination "Azeryahu won by resignation"]

1. e4 c6 2. Nf3 d5 3. Nc3 dxe4 4. Nxe4 Nf6 5. Qe2 Nxe4 6. Qxe4 Qd5 7. Qh4 Bf5 8. Bc4 Qd6 9. Bb3 Nd7 10. O-O e6 11. d4 Be7 12. Bg5 h6 13. Bxe7 Qxe7 14. Qxe7+ Kxe7 15. Rfe1 Rhd8 16. c3 a5 17. Rac1 a4 18.
Bc2 Bxc2 19. Rxc2 Kf8 20. Kf1 c5 21. Rd2 Rac8 22. dxc5 Nxc5 23. Red1 Rxd2 24. Rxd2 a3 25. bxa3 Ra8 26. Nd4 Rxa3 27. Nb5 Ra5 28. Rb2 Ke7 29. Nd4 g6 30. Rb5 Rxb5 31. Nxb5 e5 32. Ke2 Ke6 33.
c4 f5 34. f3 h5 35. h4 f4 36. Nc3 Kf5 37. Nd5 e4 38. Ne7+ Kf6 39. Nd5+ Ke5 40.
Ne7 Kd4 41. Nxg6 Nd3 42. c5 e3 43. a3 Kc3 44. Ne7 Nc1+ 45. Ke1 Kc2 46. Nd5 Nd3+ 47. Ke2 Nc1+ 48. Kf1 Nd3 49. Nb4+ Nxb4 50. axb4 Kd2 51. Kg1 e2 52. c6 e1=Q+ 53. Kh2 Qxh4+ 54. Kg1 Ke2 55.
cxb7 Qe1+ 56. Kh2 Qxb4 57. b8=Q Qxb8 58. Kh3 Qg8 59. Kh4 Qg3+ 60. Kxh5 Qxg2 61. Kh6 Kxf3 0-1

[Event "*** Titled Tuesday Blitz"]
[Site "Chess.com"]
[Date "2021.03.02"]
[Round "10"]
[White "Forantes"]
[Black "lelya96"]
[Result "1-0"]
[WhiteElo "2431"]
[BlackElo "2271"]
[TimeControl "180+1"]
[EndTime "11:59:19 PST"]
[Termination "Forantes won by resignation"]

1. Nf3 d5 2. g3 Bg4 3. d4 c6 4. Bg2 Nf6 5. O-O Nbd7 6. c4 e6 7. Qb3 Qb6 8. c5 Qxb3 9. axb3 Bxf3 10. exf3 Be7 11. b4 e5 12. Re1 exd4 13. Bf4 Kd8 14.
Nd2 Nf8 15. Nb3 Ne6 16. Be5 Re8 17. Nxd4 Nxd4 18. Bxd4 g6 19. Re3 Nh5 20. b5 Kd7 21.
Rea3 cxb5 22. Rxa7 Rxa7 23. Rxa7 Kc6 24. b4 Bf6 25.
Bxf6 Nxf6 26. Bf1 Re1 27. Ra8 Rb1 28. Rc8+ Kd7 29. Rf8 Ke7 30. Rb8 Rxb4 31. Rxb7+ Ke6 32. f4 d4 33. c6 Nd5 34. c7 Kd7 35. Bxb5+ Kc8 36. Bd7+ Kxb7 37. c8=Q+ Kb6 38. Qc6+ Ka5 39. Qxd5+ Kb6 40. Qc6+ Ka7 41. Qc7+ Rb7 42. Qc5+ Kb8 43. Bc6 Rc7 44. Kg2 Kc8 45. Qd6 Kb8 46. Bd5 Kc8 47. Qf8+ Kd7 48. Qxf7+ Kd6 49. Qe6+ Kc5 50. Bf3 d3 51.
Qd5+ Kb6 52. Qxd3 Rc5 53. Qd6+ Kb5 54. Qe7 Kc4 55. Qxh7 Kd4 56. Qxg6 1-0

[Event "*** Titled Tuesday Blitz"]
[Site "Chess.com"]
[Date "2021.03.02"]
[Round "10"]
[White "heyjohnnypark"]
[Black "BahadirOzen"]
[Result "1/2-1/2"]
[WhiteElo "2610"]
[BlackElo "2765"]
[TimeControl "180+1"]
[EndTime "11:59:20 PST"]
[Termination "Game drawn - insufficient material"]

1. d4 d6 2. Nf3 Bg4 3. e4 Nf6 4. Nc3 e6 5. h3 Bh5 6. Qe2 c6 7. g4 Bg6 8. h4 h5 9. g5 Nfd7 10. Bh3 Be7 11. Be3 O-O 12. O-O d5 13. Nd2 Na6 14.
a3 Nc7 15. f4 dxe4 16. f5 exf5 17. Bxf5 Bxf5 18. Rxf5 g6 19. Rf2 f5 20. gxf6 Nxf6 21.
Raf1 Qd7 22. Bh6 Rf7 23. Bg5 Raf8 24. Ndxe4 Qg4+ 25. Qxg4 Nxg4 26. Bxe7 Nxf2 27. Bxf8 Nxe4 28. Nxe4 Rxf1+ 29. Kxf1 Kxf8 30. Nd6 Ne6 31. c3 b5 32. Kf2 Ke7 33. Nc8+ Kd7 34. Nxa7 Nf4 35. Kf3 Nd3 36.
Ke4 Nxb2 37. d5 cxd5+ 38. Kxd5 g5 39. hxg5 h4 40. Ke4 h3 41. Kf3 Ke6 42. Nxb5 Kf5 43.
Kg3 Kxg5 44. Nd6 h2 45. Kxh2 Kf4 46. c4 Na4 47. Nb7 Ke4 48. c5 Kd5 49. Kg3 Kc6 50. Na5+ Kxc5 51. Nb3+ Kc4 52. Nc1 Kc3 53. Kf2 Kb2 54.
Ne2 Kxa3 1/2-1/2

[Event "*** Titled Tuesday Blitz"]
[Site "Chess.com"]
[Date "2021.03.02"]
[Round "10"]
[White "ram1zan"]
[Black "igorcadilhac"]
[Result "1/2-1/2"]
[WhiteElo "2915"]
[BlackElo "2454"]
[TimeControl "180+1"]
[EndTime "11:59:21 PST"]
[Termination "Game drawn - insufficient material"]

1. e4 e5 2. Nf3 Nc6 3. Bb5 a6 4. Ba4 Nf6 5. O-O Be7 6. d4 exd4 7. e5 Nd5 8. Nxd4 Nxd4 9. Qxd4 Nb6 10. Bb3 O-O 11. Bf4 d6 12. exd6 cxd6 13. Nc3 Bf5 14. Rad1 Bf6 15. Qxd6 Qxd6 16. Rxd6 Nc8 17. Rd2 Ne7 18. Na4 Nc6 19. c3 Rad8 20. Rfd1 Rxd2 21. Rxd2 Re8 22. h3 Na5 23. Nc5 Be7 24. Be3 Rc8 25.
Na4 Nxb3 26. axb3 Be6 27. Nb6 Re8 28. b4 Bd8 29. Na4 Bc7 30. Nc5 Bc8 31. Kf1 Rd8 32.
Ke2 Rxd2+ 33. Kxd2 Kf8 34. Na4 Ke7 35. Bb6 Bf4+ 36.
Be3 Bc7 37. Nc5 Bd6 38. Nb3 Be6 39. Nd4 Bd7 40. b3 Be5 41. Nc2 Be6 42. c4 b5 43.
Bc5+ Kd7 44. Ne3 Bf4 45. Kd3 Bxe3 46. Bxe3 Kc6 47. Bc5 g6 48. Kd4 h5 49. f3 Bf5 50. g4 hxg4 51. fxg4 Be6 52. Ke5 bxc4 53. bxc4 Bxc4 54. Bf8 Bf1 55. h4 Be2 56. Kf4 Kb5 57.
Kg5 a5 58. bxa5 Kxa5 59. h5 gxh5 60. gxh5 Bxh5 61. Kxh5 Kb5 62. Kg4 Kc6 63. Kf5 Kd7 64. Kf6 Ke8 65. Be7 Kd7 66. Kxf7 1/2-1/2

[Event "*** Titled Tuesday Blitz"]
[Site "Chess.com"]
[Date "2021.03.02"]
[Round "10"]
[White "Piccadilly123"]
[Black "onetowin"]
[Result "1-0"]
[WhiteElo "2262"]
[BlackElo "2130"]
[TimeControl "180+1"]
[EndTime "11:59:21 PST"]
[Termination "Piccadilly123 won by resignation"]

1. e4 c5 2. c3 Nf6 3. e5 Nd5 4. d4 cxd4 5. Qxd4 e6 6. Bd3 d6 7. exd6 Nc6 8. Qe4 Bxd6 9. Nf3 f5 10. Qe2 O-O 11. O-O Kh8 12. Bc4 Nb6 13. Bb3 e5 14.
Ng5 Qf6 15. Qh5 h6 16. Nf7+ Kh7 17. Ng5+ Kh8 18. Nf7+ Kh7 19. Bg5 Qg6 20. Qxg6+ Kxg6 21. Nxd6 hxg5 22. Nd2 Na5 23. Bc2 Be6 24. g4 Rad8 25.
gxf5+ Bxf5 26. Bxf5+ Rxf5 27. Nxf5 Rxd2 28. Ng3 Rxb2 29.
Rfe1 Nac4 30. Re2 Rb5 31. a4 Ra5 32. Ne4 Rxa4 33. Rxa4 Nxa4 34. Ra2 b5 35. Kg2 a5 36. Ra1 Nab6 37. Rb1 Na3 38. Rb3 b4 39. cxb4 axb4 40.
Rxb4 Nac4 41. Nd6 Nxd6 42. Rxb6 Kf5 43. Rxd6 g6 44. Ra6 e4 45. Ra4 Kf4 46. Rb4 Ke5 47. Ra4 Kf5 48. Kg3 Ke5 49. Ra5+ Kd4 50. Kg4 e3 51.
fxe3+ Kd3 52. Kxg5 Kxe3 53. Kxg6 Kf4 54. h4 Kg4 55. h5 Kh4 56. h6 Kg4 57. h7 Kf4 58. h8=Q 1-0

[Event "*** Titled Tuesday Blitz"]
[Site "Chess.com"]
[Date "2021.03.02"]
[Round "10"]
[White "howitzer14"]
[Black "Zhigalko_Sergei"]
[Result "1/2-1/2"]
[WhiteElo "3012"]
[BlackElo "2922"]
[TimeControl "180+1"]
[EndTime "11:59:22 PST"]
[Termination "Game drawn by repetition"]

1. b3 e5 2. Bb2 d6 3. g3 Nf6 4. Bg2 Be7 5. e3 O-O 6. Ne2 c6 7. d3 a5 8. a3 Re8 9. Nd2 Bf8 10. h3 d5 11. g4 Qb6 12. Ng3 Be6 13. Qe2 Bd6 14.
g5 Nfd7 15. h4 a4 16. b4 c5 17. c4 dxc4 18. Nxc4 Bxc4 19. dxc4 cxb4 20. O-O bxa3 21. Bxa3 Bxa3 22. Rxa3 Nc5 23. h5 e4 24. Rd1 Nbd7 25.
Nxe4 Nxe4 26. Rxd7 Qc5 27. g6 fxg6 28. Qb2 Nf6 29.
h6 Re7 30. Qxb7 Rae8 31. Rxe7 Rxe7 32. Qb8+ Re8 33. Bd5+ Kf8 34. Qb2 Qe7 35. hxg7+ Qxg7 36. Qb4+ Qe7 37. Qxa4 Nxd5 38. cxd5 Qg5+ 39. Kf1 Qxd5 40. Qf4+ Kg8 41. Ra7 Qd1+ 42. Kg2 Qd5+ 43. Kg1 Rf8 44. Qd4 Qxd4 45. exd4 Rd8 46. Ra4 Kf7 47. Kg2 Ke6 48. Kf3 h5 49. Ra6+ Kf5 50. Ra5+ Kf6 51. Ra6+ Kf5 52. Ra5+ Kf6 53. Ra6+ Kf5 1/2-1/2

[Event "*** Titled Tuesday Blitz"]
[Site "Chess.com"]
[Date "2021.03.02"]
[Round "10"]
[White "Tekushka"]
[Black "Cuajada_Zero"]
[Result "1-0"]
[WhiteElo "2436"]
[BlackElo "2281"]
[TimeControl "180+1"]
[EndTime "11:59:24 PST"]
[Termination "Tekushka won on time"]

1. e4 c6 2. d4 d5 3. Nc3 dxe4 4. Nxe4 Nf6 5. Nxf6+ exf6 6. c3 Bd6 7. Bd3 O-O 8. Qc2 Re8+ 9. Ne2 Kh8 10. Be3 Nd7 11. O-O-O Nf8 12. Kb1 Be6 13. c4 a6 14.
Be4 Rc8 15. h3 Qe7 16. Bf3 Qd7 17. Ka1 Bf5 18. Qb3 b5 19. c5 Bb8 20. Nc3 Be6 21. d5 cxd5 22. Bxd5 Ba7 23. c6 Qc7 24. Bxe6 fxe6 25. Bxa7 Qxa7 26. Rd6 Qc5 27. Ne4 Qe5 28.
Qd3 Rc7 29. Rd1 Rec8 30. Rd8 Kg8 31. f4 Qf5 32. g4 Qxf4 33. Nc5 Rxc6 34. Nxe6 h5 35.
Nxf4 Rc1+ 36. Qb1 Rxb1+ 37. Kxb1 Rc4 38. R1d4 Kf7 39. Nxh5 Rc5 40. R4d5 Rc6 41. R5d6 Rc7 42. Ra8 b4 43. a3 Re7 44. axb4 Re1+ 45. Ka2 Re4 46. b5 Ke7 47. Rb6 Nd7 48. Rb7 Ke6 49.
bxa6 Nc5 50. Re8+ Kd5 51. Rxe4 Kxe4 52. a7 Nxb7 53. a8=Q 1-0

[Event "*** Titled Tuesday Blitz"]
[Site "Chess.com"]
[Date "2021.03.02"]
[Round "10"]
[White "Chopper1905"]
[Black "francyIM"]
[Result "0-1"]
[WhiteElo "2924"]
[BlackElo "2721"]
[TimeControl "180+1"]
[EndTime "11:59:28 PST"]
[Termination "francyIM won by resignation"]

1. d4 Nf6 2. c4 e6 3. g3 d5 4. Bg2 Bb4+ 5. Bd2 Bd6 6. Nc3 c6 7.
e4 dxe4 8. Nxe4 Nxe4 9. Bxe4 Nd7 10. Nf3 e5 11. Bc3 Qe7 12. O-O O-O 13. Re1 f6 14. c5 Bc7 15. Bc2 Rd8 16. Qe2 Nf8 17.
dxe5 fxe5 18. Nxe5 Qxc5 19. Bb3+ Be6 20. Bxe6+ Nxe6 21. Qg4 Re8 22. Nd7 Qg5 23. Qc4 Qd5 24. Qxd5 cxd5 25. Rad1 Rad8 26. Ne5 d4 27. Bb4 Ng5 28. f4 Bxe5 29. fxg5 d3 30. b3 Kf7 31. Kg2 Kg6 32. h4 Kf5 33. Kf3 Kg6 34. Re4 b6 35. Kg4 a5 36.
Rf1 h5+ 37. gxh6 axb4 38. hxg7 Bxg7 39. Rxb4 d2 40. Rxb6+ Kh7 41. Rd1 Re1 42. Rxd2 Rxd2 43. Rb7 Rg1 44. Kh5 Rd5+ 45. Kg4 Rd3 46. Kf5 Rdxg3 47.
h5 Rf1+ 48. Ke6 Re3+ 49. Kd5 Rf5+ 50. Kd6 Rxh5 51. a4 Rg3 52. a5 Rg6+ 53. Kc7 Rxa5 54.
Kb8 Rf5 55. b4 Rf8+ 56. Ka7 Rgf6 57. b5 R6f7 58. Rxf7 Rxf7+ 59. Ka6 Bd4 0-1

[Event "*** Titled Tuesday Blitz"]
[Site "Chess.com"]
[Date "2021.03.02"]
[Round "10"]
[White "LubovMarkelova"]
[Black "Homyakova_Elena"]
[Result "1-0"]
[WhiteElo "2218"]
[BlackElo "2278"]
[TimeControl "180+1"]
[EndTime "11:59:31 PST"]
[Termination "LubovMarkelova won by resignation"]

1. Nf3 c5 2. c4 g6 3. Nc3 Bg7 4. g3 Nc6 5. Bg2 e6 6. d3 Nge7 7. h4 h5 8. Bf4 d5 9. O-O O-O 10. Qc1 Nd4 11. e3 Nxf3+ 12. Bxf3 b6 13. cxd5 Nxd5 14.
Nxd5 exd5 15. e4 Bb7 16. e5 Re8 17. Re1 Qd7 18. d4 cxd4 19. Qd2 Rac8 20. Rac1 Rxc1 21. Qxc1 d3 22. Qc3 Ba6 23. Qd4 Rd8 24. Bg5 Re8 25.
Bf4 Rd8 26. Bg5 Rc8 27. Bxd5 Kh7 28. Qe4 Rc2 29. e6 fxe6 30. Bxe6 Qd4 31. Qf3 Bb7 32.
Qf4 Qxf4 33. Bxf4 Bxb2 34. Rd1 Be4 35. Bb3 Rc3 36. Be5 Rc1 37. Bxb2 Rc7 38. Rd2 Kh6 39.
Rd1 Kh7 40. Be5 Re7 41. Bf4 Rd7 42. Bc4 g5 43. hxg5 Kg6 44. Be3 Kf5 45. Kf1 Rd8 46. Ke1 Rd7 47. Kd2 Kg4 48. Kc3 Rc7 49. Kb3 b5 50. Bxd3 Bxd3 51. Rxd3 h4 52. Rd4+ Kf3 53.
Rxh4 a5 54. g6 a4+ 55. Kb2 Rg7 56. Rh6 Kg4 57. Bd4 Rg8 58. g7 Kg5 59. Rh8 1-0

[Event "*** Titled Tuesday Blitz"]
[Site "Chess.com"]
[Date "2021.03.02"]
[Round "10"]
[White "superchess02"]
[Black "Iskusnyh"]
[Result "1/2-1/2"]
[WhiteElo "2773"]
[BlackElo "2614"]
[TimeControl "180+1"]
[EndTime "11:59:32 PST"]
[Termination "Game drawn - insufficient material"]

1. d4 d5 2. c4 c6 3. Nf3 Nf6 4. Nc3 a6 5. c5 Bf5 6. Bf4 Nbd7 7. e3 Nh5 8. Bd3 Nxf4 9. exf4 Bg4 10. h3 Bxf3 11.
Qxf3 g6 12. O-O Bg7 13. Qe3 e6 14. b4 O-O 15. a4 a5 16. b5 Nxc5 17. bxc6 bxc6 18.
dxc5 Bxc3 19. Rac1 Bg7 20. Rb1 Qf6 21. Rb6 Rfc8 22. Rfb1 Qc3 23. Ba6 Qxe3 24. fxe3 Rc7 25. Bb7 Rd8 26. Bxc6 Bf8 27. R1b5 Rdc8 28. Bb7 Bxc5 29.
Rxc5 Rxc5 30. Bxc8 Rxc8 31. Rb5 Ra8 32. g4 h6 33. Kf2 g5 34. fxg5 hxg5 35. e4 dxe4 36.
Rxg5+ Kf8 37. Ke3 Ke7 38. h4 Rb8 39. Rxa5 Rb4 40. h5 Kf6 41. g5+ Kg7 42. Ra7 Kg8 43. h6 Rc4 44. Kf4 Rc5 45. a5 Rf5+ 46. Kxe4 Rxg5 47.
a6 Ra5 48. Kd4 Kh7 49. Rxf7+ Kxh6 50. a7 Kg6 51. Rc7 Kf6 52. Kc4 e5 53. Kb4 Ra1 54. Kb5 Kf5 55. Kb6 Kf4 56. Rc5 Rxa7 57. Kxa7 e4 58.
Rc4 Kf3 59. Kb6 e3 60. Rc1 e2 61. Kc5 Kf2 62. Kd4 e1=Q 63. Rxe1 Kxe1 1/2-1/2

[Event "*** Titled Tuesday Blitz"]
[Site "Chess.com"]
[Date "2021.03.02"]
[Round "10"]
[White "Problematique_99"]
[Black "Jungle_Jaguar"]
[Result "0-1"]
[WhiteElo "2452"]
[BlackElo "2602"]
[TimeControl "180+1"]
[EndTime "11:59:32 PST"]
[Termination "Jungle_Jaguar won on time"]

1. e4 c5 2. Nc3 Nc6 3. Bb5 Nd4 4. Nf3 g6 5. O-O Bg7 6. Re1 e6 7. e5 Ne7 8. d3 O-O 9. Nxd4 cxd4 10. Ne4 a6 11. Bc4 Bxe5 12. Bh6 Bg7 13. Bxg7 Kxg7 14. Bb3 d5 15. Nd2 Nc6 16. f4 Qf6 17. Qf3 b5 18. a4 Bb7 19. a5 Rac8 20. Qf2 Nb4 21. Rec1 Rc7 22. g4 Rfc8 23. g5 Qf5 24. Qxd4+ e5 25.
Qxb4 d4 26. Ne4 Bxe4 27. dxe4 Qxf4 28. Qe1 d3 29. Qg3 Qxe4 30. Re1 Qd4+ 31. Qe3 d2 32. Qxd4 dxe1=Q+ 33.
Rxe1 exd4 34. Rd1 Rd8 35. c3 Rc5 36. cxd4 Rxg5+ 37. Kf2 Rg4 38. d5 Rb4 39. Rd3 Rd6 40. Ke3 f5 41. Bd1 Re4+ 42. Kd2 Kf6 43. Bf3 Rh4 44. Kc3 Rxh2 45. Kd4 Rxb2 46. Kc5 Rd8 47. d6 Rc2+ 48. Kb6 g5 49. Bc6 g4 50. Kc7 Rxd6 51. Rxd6+ Kg5 0-1

[Event "*** Titled Tuesday Blitz"]
[Site "Chess.com"]
[Date "2021.03.02"]
[Round "10"]
[White "politeplayer"]
[Black "akanga001"]
[Result "1-0"]
[WhiteElo "2223"]
[BlackElo "1969"]
[TimeControl "180+1"]
[EndTime "11:59:32 PST"]
[Termination "politeplayer won on time"]

1. e4 c6 2. d4 d5 3. Nc3 dxe4 4. Nxe4 Nf6 5. Nxf6+ gxf6 6. c3 Bf5 7. Ne2 Qd5 8. h4 h5 9. Qb3 Qxb3 10. axb3 Bd3 11.
Bf4 Nd7 12. Kd2 Bg6 13. Rh3 e5 14. Re3 Bh6 15. Bxh6 Rxh6 16. f4 e4 17. f5 Bxf5 18. Ng3 Bg6 19. Nxe4 Bxe4 20. Rxe4+ Kd8 21. Bc4 Rg6 22.
Bxf7 Rxg2+ 23. Kd3 Rg3+ 24. Kc4 Nb6+ 25. Kc5 Kd7 26.
Rae1 Nc8 27. Bxh5 b6+ 28. Kb4 a5+ 29. Ka3 Ra7 30. Bg4+ Kc7 31. Bxc8 Kxc8 32. Re8+ Kb7 33. R1e7+ Ka6 34. Rxa7+ Kxa7 35. Re6 Rh3 36. Rxc6 Rxh4 37.
Rxf6 Kb7 38. b4 axb4+ 39. Kxb4 Rh2 40. b3 Rh4 41. Kc4 Rh3 42. Re6 Kc7 43. b4 b5+ 44.
Kb3 Kb7 45. Re5 Kc6 46. Rc5+ Kb6 47. d5 Rd3 48. Rc6+ Kb7 49. Rc5 Kb6 50. Kc2 Rh3 51. Kd2 Rg3 52. d6 Rg6 53. Rd5 1-0